 Dungeon Crawl Stone Soup version 0.29.1-2-gbd0b4ee654 (webtiles) character file.

Game seed: 4482901733161723315

71 GeoRichter the Charlatan (level 4, -1/33 HPs)
             Began as a Demonspawn Artificer on Nov 10, 2022.
             Was a Plaything of Xom.
             Slain by a sky beast (3 damage)
             ... on level 3 of the Dungeon.
             The game lasted 00:03:23 (2416 turns).

GeoRichter the Charlatan (Demonspawn Artificer)     Turns: 2416, Time: 00:03:23

Health: -1/33      AC:  5    Str: 15    XL:     4   Next: 5%
Magic:  4/4        EV: 10    Int: 12    God:    Xom [..*...]
Gold:   178        SH:  0    Dex: 13    Spells: 3/3 levels left

rFire   . . .      SeeInvis .   m - +2 dagger (elec)
rCold   + + .      Faith    .   (no shield)
rNeg    . . .      Spirit   .   f - +0 ring mail
rPois   .          Reflect  .   (helmet restricted)
rElec   .          Harm     .   (no cloak)
rCorr   .          Rampage  .   (no gloves)
Will    .....                   (no boots)
Stlth   +.........              (no amulet)
HPRegen 0.11/turn               g - ring of protection from cold
MPRegen 0.09/turn               p - ring of protection from cold

@: no status effects
A: claws 1, horns 1, spiny 1
a: Renounce Religion


You were on level 3 of the Dungeon.
You worshipped Xom.
You were a toy of Xom.
You visited 1 branch of the dungeon, and saw 3 of its levels.

You collected 178 gold pieces.

Inventory:

Hand Weapons
 m - a +2 dagger of electrocution (weapon)
   (You took it off a kobold on level 1 of the Dungeon)
Armour
 b - a +0 leather armour
 f - a +0 ring mail (worn)
   (You found it on level 1 of the Dungeon)
Jewellery
 g - a ring of protection from cold (left claw)
   (You found it on level 1 of the Dungeon)
 p - a ring of protection from cold (right claw)
   (You found it on level 2 of the Dungeon)
Wands
 c - a wand of flame (13) (quivered)
 d - a wand of charming (15)
 e - a wand of iceblast (5)
Scrolls
 a - a scroll of teleportation {unknown}
 i - a scroll of magic mapping {unknown}
 k - a scroll of enchant armour {unknown}
 l - 2 scrolls of noise {unknown}
 o - 3 scrolls of identify {unknown}
 t - a scroll of fog {unknown}
Potions
 h - 2 potions of mutation {unknown}
 j - 2 potions of curing {@q1}
 n - a potion of haste {unknown}
 q - a potion of degeneration {unknown}
 r - a potion of invisibility {unknown}
 s - a potion of cancellation {unknown}
 u - a potion of flight {unknown}


   Skills:
 + Level 2.3 Fighting
 - Level 1.7 Armour
 - Level 0.8 Dodging
 - Level 0.8 Stealth
 * Level 4.4 Evocations


You had 3 spell levels left.
You didn't know any spells.
Your spell library contained the following spells:

 Spells                   Type           Power      Damage    Failure   Level
 Magic Dart               Conj           0%         1d3       54%         1
 Call Imp                 Summ           0%         N/A       67%         2
 Mephitic Cloud           Conj/Pois/Air  0%         N/A       88%         3
 Ozocubu's Armour         Ice            0%         N/A       88%         3
 Animate Dead             Necr           0%         N/A       99%         4
 Borgnjor's Vile Clutch   Necr/Erth      0%         N/A       100%        5
 Death Channel            Necr           0%         N/A       100%        6
 Ozocubu's Refrigeration  Ice            0%         4d7       100%        7


Dungeon Overview and Level Annotations

Branches:
Dungeon (3/15) Zot: 15581

Altars:
Xom

Shops:
D:1 *((


Innate Abilities, Weirdness & Mutations

You have sharp fingernails.
You have a pair of small horns on your head.
You are partially covered in sharp spines.


Message History

u - a bubbling dark potion
There is an open door here.
There is an open door here.
A sky beast comes into view.
A sky beast is nearby!
The sky beast flickers out of sight!
Deactivating autopickup; reactivate with Ctrl-A.
Something hits you. Something shocks you.
You closely miss something.
You hear an angry hiss.
A ball python comes into view.
A sky beast appears from thin air!
Reactivating autopickup.
The sky beast hits you but does no damage.
You hit the sky beast. The sky beast barely misses you.
You barely miss the sky beast. Your claw misses the sky beast.
The sky beast closely misses you.
You hit the sky beast. The sky beast closely misses you.
You closely miss the sky beast. Your headbutt misses the sky beast.
The sky beast hits you but does no damage.
You barely miss the sky beast.
The sky beast flickers out of sight!
Deactivating autopickup; reactivate with Ctrl-A.
Something hits you. Something shocks you.
You barely miss something. Something hits you but does no damage.
You miss something. Your headbutt misses something. Something hits you.
* * * LOW HITPOINT WARNING * * *
Something shocks you.
* * * LOW HITPOINT WARNING * * *
You miss something. Something hits you.
* * * LOW HITPOINT WARNING * * *
Something shocks you.
* * * LOW HITPOINT WARNING * * *
It was a potion of curing.
You feel better.
Xom thinks this is hilarious!
A sky beast appears from thin air!
Reactivating autopickup.
The sky beast hits you but does no damage.
You closely miss the sky beast. The sky beast hits you.
* * * LOW HITPOINT WARNING * * *
The sky beast shocks you.
* * * LOW HITPOINT WARNING * * *
You hit the sky beast. The sky beast is struck by your spines.
The sky beast hits you.
You die...
Xom guffaws!

#..#.###.......(###..##.#.#
###..####.........#.#..##.#.#
..)..'.......#...#'.#..##.#.#
.....####.........#.#..##.#.#
.....#.###........###..##.#.#
###..#...'#........##.......#
# #..#..).#...#'#...'..##.###
# #..##...#..##.#####..##.# #
##.##..)#.##..@# #..##.# #
#.####.#.#....YS##..##.# #
#.######'#########.....# #
#...................####
#########(..........#
#####.....>.# #########


You could see a sky beast and a ball python.

Vanquished Creatures
  An adder (D:2)
  A gnoll (D:1)
  2 worms (D:2)
  A bat (D:2)
  6 endoplasms
  4 giant cockroaches
  4 goblins
  3 hobgoblins
  2 jackals (D:3)
  2 quokkas (D:2)
  5 ball pythons
  A frilled lizard (D:3)
  5 kobolds
  7 rats
44 creatures vanquished.

Notes
Turn   | Place    | Note
-------+----------+-------------------------------------------
     0 | D:1      | GeoRichter the Demonspawn Artificer began the quest for the
                  | Orb.
     0 | D:1      | Reached XP level 1. HP: 15/15 MP: 1/1
   247 | D:1      | Found Ucsoiqil's Antique Weapon Boutique.
   345 | D:1      | Discovered your monstrous ancestry.
   345 | D:1      | Gained mutation: You have sharp fingernails. [demonic
                  | ancestry]
   345 | D:1      | Reached XP level 2. HP: 21/21 MP: 2/2
   357 | D:1      | Found Fetaoj's Assorted Antiques.
   587 | D:1      | Found a faded altar of an unknown god.
   605 | D:1      | Prayed at the altar of an unknown god.
   605 | D:1      | Became a worshipper of Xom of Chaos
   699 | D:1      | Found Doetis's Antique Weapon Shoppe.
   771 | D:1      | Gained mutation: You have a pair of small horns on your
                  | head. [demonic ancestry]
   771 | D:1      | Reached XP level 3. HP: 24/27 MP: 3/3
   915 | D:2      | XOM: silly message
  1033 | D:2      | XOM: divination: detect creatures
  1057 | D:2      | Reached skill level 4 in Evocations
  2002 | D:2      | XOM is BORED!
  2002 | D:2      | XOM: noise
  2238 | D:3      | XOM: silly message
  2285 | D:3      | XOM: silly message
  2295 | D:3      | Gained mutation: You are partially covered in sharp spines.
                  | [demonic ancestry]
  2295 | D:3      | Reached XP level 4. HP: 32/33 MP: 4/4
  2343 | D:3      | XOM: silly message
  2403 | D:3      | Noticed a sky beast
  2416 | D:3      | Slain by a sky beast

Illustrated notes

Levels and vault maps discovered:
D:1:      dpeg_arrival_concentric_ovals, layout_basic, serial_shops,
          nicolae_shop_waterfront, shop, nicolae_shop_statue_plus,
          chequers_ecumenical_altar_simple
D:2:      layout_basic
D:3:      layout_loops_cross, cheibriados_altar_1, minmay_pentangle

Skill      XL: |  1  2  3 |
---------------+----------+-----
Fighting       | 2 |  2.3
Evocations     | 4 |  4.4
Armour         | |  1.7
Dodging        | |  0.8
Stealth        | |  0.8

Action                   |  1- 3 |  4- 6 || total
-------------------------+-------+-------++-------
Melee: Club              |    12 |       ||    12
       Dagger            |   102 |    13 ||   115
       Headbutt          |     8 |       ||     8
Evoke: Wand              |     2 |       ||     2
  Use: Potion            |       |     1 ||     1
Armor: Ring mail         |    40 |     5 ||    45
Dodge: Dodged            |    56 |     4 ||    60
